 Dungeon Crawl Stone Soup version 0.16.2-12-gd0ad4c3 (webtiles) character file.

13300 Kloppie the Protected (level 12, -4/97 HPs)
             Began as a Formicid Fighter on Oct 31, 2015.
             Was an Elder of Makhleb.
             Slain by a seven-headed hydra (14 damage)
             ... on level 1 of the Lair of Beasts.
             The game lasted 00:44:16 (12915 turns).

Kloppie the Protected (Formicid Fighter)           Turns: 12915, Time: 00:44:16

Health: -4/97      AC: 16    Str: 23    XL:     12   Next: 31%
Magic:  36/36      EV: 13    Int: 11    God:    Makhleb [****..]
Gold:   828        SH: 11    Dex: 18    Spells: 0 memorised, 11 levels left

rFire  . . .     SeeInvis +     a - +0 war axe
rCold  + . .     Clarity  .     G - +4 ring mail of Disguise {rPois MP+9 Str-3 Int+4 Dex+4}
rNeg   . . .     SustAb   .     c - +0 shield
rPois  +         Gourm    .     (helmet unavailable)
rElec  .         Spirit   .     D - +0 cloak
rCorr  .         Warding  .     A - +2 pair of gloves
rMut   .         Stasis   +     (no boots)
MR     +....                    K - amulet of regeneration
Stlth  +.........               C - ring of protection from cold
                                I - +3 ring of dexterity

@: somewhat resistant to hostile enchantments, very unstealthy
A: permanent stasis, dig shafts and tunnels, four strong arms, antennae 3
a: Dig, Shaft Self, Minor Destruction, Lesser Servant of Makhleb, Major
Destruction, Renounce Religion


You were on level 1 of the Lair of Beasts.
You worshipped Makhleb.
Makhleb was greatly pleased with you.
You were not hungry.

You visited 2 branches of the dungeon, and saw 12 of its levels.
You also visited: Bailey.

You collected 828 gold pieces.

Inventory:

Hand weapons
 a - a +0 war axe (weapon)
 b - a +0 blowgun
Missiles
 r - 7 steel javelins (quivered)
 y - 44 poisoned needles
Armour
 c - a +0 shield (worn)
 A - a +2 pair of gloves (worn)
 D - a +0 cloak (worn)
 G - the +4 ring mail of Disguise (worn) {rPois MP+9 Str-3 Int+4 Dex+4}
   (You found it on level 9 of the Dungeon)

   It affects your strength (-3).
   It affects your intelligence (+4).
   It affects your dexterity (+4).
   It protects you from poison.
   It affects your magic capacity (+9).
Jewellery
 e - an uncursed amulet of warding {unknown}
 o - an uncursed ring of sustain abilities
 C - a ring of protection from cold (right hand)
 I - a +3 ring of dexterity (left hand)
 K - an amulet of regeneration (around neck)
 O - an uncursed ring of ice
Scrolls
 h - 5 scrolls of remove curse
 m - a scroll of identify
Potions
 f - a potion of curing
 i - 4 potions of heal wounds {unknown}
 j - 2 potions of berserk rage {unknown}
 k - 2 potions of restore abilities
 v - 2 potions of haste {unknown}
 E - 2 potions of agility {unknown}
 H - 3 potions of flight {unknown}
 M - a potion of poison {unknown}
Comestibles
 d - 10 bread rations
 l - a meat ration


   Skills:
 - Level 10.0 Fighting
 - Level 10.0 Axes
 - Level 10.4 Armour
 + Level 3.9 Dodging
 + Level 6.8 Shields
 - Level 10.0 Invocations


You had 11 spell levels left.
You didn't know any spells.

Dungeon Overview and Level Annotations

Branches:
Dungeon (11/15)              Lair (1/8) D:11            Orc (0/4) D:11
 Temple: D:4-7

Altars:
Ashenzari
Cheibriados
Kikubaaqudgha
Makhleb
Nemelex Xobeh
Okawaru
Qazlal
Ru
Sif Muna
Xom
Yredelemnul
Zin
The Shining One

Shops:
D:4 :

Annotations:
D:4 Grinder
D:8 Kloppie's ghost, experienced MiFi


Innate Abilities, Weirdness & Mutations

You are under a permanent stasis effect.
You can dig through walls and to a lower floor.
Your four strong arms can wield two-handed weapons with a shield.
You have a pair of large antennae on your head (SInv).


Message History

The seven-headed hydra bites you but does no damage.
You block the seven-headed hydra's attack.
The seven-headed hydra bites you!
* * * LOW HITPOINT WARNING * * *
The seven-headed hydra closely misses you. x2
Use which ability? (? or * to list)
Press: ? - help, Shift-Dir - straight line, f/p - seven-headed hydra
Aim: a seven-headed hydra (severely wounded, bleeding)
The seven-headed hydra resists with some effort.
You feel slightly more hungry.
You block the seven-headed hydra's attack. x2
The seven-headed hydra bites you.
* * * LOW HITPOINT WARNING * * *
The seven-headed hydra closely misses you.
The seven-headed hydra bites you!
* * * LOW HITPOINT WARNING * * *
The seven-headed hydra bites you!
* * * LOW HITPOINT WARNING * * *
The seven-headed hydra bites you!
You die...

## .#.#.. ..P#
..#.... ....
#..#....
#..####.......#
##............P#
#P.........# .P#
###.. #.>†...#..#
#....##.##....#..##
##....#P.###@......#
#.........#
##D......#
#.......## #.......
#...#P....#
#........ .
###...##.........
#.......######
##.....###
##..###..## .
..##P.. ##...#P...


You could see a seven-headed hydra (bleeding).

Vanquished Creatures
  A hydra (D:11)
  A catoblepas (D:10)
  Pikel (D:5)
  Joseph (D:8)
  A spiny frog (Lair:1)
  A komodo dragon (Lair:1)
  25 yaks
  2 hippogriffs
  A hungry ghost (D:9)
  Eustachio (D:5)
  A wyvern (D:8)
  Menkaure (D:5)
  The ghost of Woxaris the Gusty, an average DEAE (D:4)
  5 water moccasins
  2 porcupines
  3 sky beasts
  2 slaves (D:5)
  A black bear (D:10)
  4 ice beasts
  2 orc warriors
  2 ogres
  2 necrophages (D:9)
  10 centaurs
  A big kobold (D:11)
  4 giant frogs
  2 gnoll sergeants
  4 scorpions
  10 killer bees
  3 wights (D:9)
  2 crimson imps
  3 goliath beetles
  5 hounds
  An iron imp (D:5)
  2 centaur zombies
  A hell rat (D:11)
  2 giant frog skeletons
  3 jellies
  9 worker ants
  A centaur skeleton (D:6)
  7 orc priests
  7 orc wizards
  Natasha (twice) (D:5)
  3 iguanas
  4 sheep (Lair:1)
  A killer bee zombie (D:9)
  Ijyb (D:2)
  A big kobold zombie (D:11)
  A mummy (D:8)
  Robin (D:3)
  16 gnolls
  7 adders
  A river rat (D:11)
  3 shadow imps
  A giant mite (D:9)
  5 worms
  An adder zombie (D:6)
  10 giant geckos
  An ooze (D:6)
  38 orcs
  A ball python (D:1)
  A bat skeleton (D:5)
  20 hobgoblins
  13 jackals
  14 quokkas
  17 bats
  3 giant cockroaches
  A giant cockroach zombie (D:5)
  7 giant newts
  A giant spore (D:9)
  20 goblins
  24 kobolds
  3 kobold zombies (D:11)
  A quokka skeleton (D:4)
  A quokka zombie (D:7)
  24 rats
  6 ballistomycetes
  A bush (D:6)
  A plant (Lair:1)
394 creatures vanquished.

Vanquished Creatures (others)
  A ynoxinul (D:11)
  A giant spore (D:8)
2 creatures vanquished.

Grand Total: 396 creatures vanquished

Notes
Turn   | Place    | Note
--------------------------------------------------------------
     0 | D:1      | Kloppie, the Formicid Fighter, began the quest for the Orb.
     0 | D:1      | Reached XP level 1. HP: 18/18 MP: 1/1
   203 | D:1      | Reached XP level 2. HP: 21/24 MP: 3/3
   480 | D:1      | Reached XP level 3. HP: 30/30 MP: 4/4
   884 | D:1      | Reached skill level 4 in Fighting
  1185 | D:2      | Noticed Ijyb
  1214 | D:2      | Killed Ijyb
  1214 | D:2      | Reached XP level 4. HP: 20/37 MP: 5/5
  1687 | D:3      | Found a glowing silver altar of Zin.
  1693 | D:3      | Noticed an angel
  1694 | D:3      | Found a shimmering altar of Xom.
  1854 | D:3      | Found a sacrificial altar of Ru.
  1886 | D:3      | Reached XP level 5. HP: 38/43 MP: 7/7
  1891 | D:3      | Noticed Robin
  1902 | D:3      | Killed Robin
  2073 | D:3      | Found a snail-covered altar of Cheibriados.
  2258 | D:3      | Reached skill level 5 in Fighting
  2472 | D:3      | Found a deep blue altar of Sif Muna.
  2475 | D:3      | Found an ancient bone altar of Kikubaaqudgha.
  2478 | D:3      | Found a glowing golden altar of the Shining One.
  2601 | D:4      | Reached XP level 6. HP: 20/51 MP: 8/8
  2889 | D:4      | Got a dazzling leather armour
  3376 | D:4      | Noticed Woxaris' ghost (average DEAE)
  3384 | D:4      | Killed Woxaris' ghost
  3384 | D:4      | Reached skill level 6 in Fighting
  3384 | D:4      | Reached skill level 5 in Axes
  3384 | D:4      | Reached XP level 7. HP: 41/59 MP: 9/9
  3406 | D:4      | Noticed a water moccasin
  3412 | D:4      | Killed a water moccasin
  3568 | D:4      | Found Ihafel's Book Boutique.
  3844 | D:4      | Reached skill level 7 in Fighting
  3970 | D:4      | Noticed Grinder
  4126 | D:3      | Identified the +2 leather armour of the Cockatrice {rElec rPois MR+ Str-5} (You found it on level 4 of the Dungeon)
  4160 | D:5      | Entered Level 5 of the Dungeon
  4179 | D:5      | Noticed Eustachio
  4199 | D:5      | Noticed Natasha
  4208 | D:5      | Killed Natasha
  4214 | D:5      | Killed Eustachio
  4214 | D:5      | Reached XP level 8. HP: 51/67 MP: 11/11
  4412 | D:5      | Noticed Menkaure
  4614 | D:5      | Killed Menkaure
  4921 | D:5      | Reached skill level 8 in Fighting
  4972 | D:5      | Noticed Natasha
  4978 | D:5      | Killed Natasha
  5146 | D:5      | Noticed Pikel
  5165 | D:5      | Killed Pikel
  5165 | D:5      | Reached skill level 9 in Fighting
  5165 | D:5      | Reached XP level 9. HP: 44/76 MP: 12/12
  5299 | D:5      | Found a sparkling altar of Nemelex Xobeh.
  5750 | D:6      | Found a basalt altar of Yredelemnul.
  5909 | D:6      | Found a stormy altar of Qazlal.
  6650 | D:7      | Reached skill level 10 in Fighting
  6844 | D:7      | Found a burning altar of Makhleb.
  7338 | D:7      | Became a worshipper of Makhleb the Destroyer
  7427 | D:8      | Noticed Joseph
  7450 | D:8      | Killed Joseph
  7450 | D:8      | Reached skill level 5 in Armour
  7450 | D:8      | Reached XP level 10. HP: 26/85 MP: 13/13
  7608 | D:8      | Found a flagged portal.
  7610 | D:8      | Noticed Kloppie's ghost (experienced MiFi)
  7871 | Bailey   | Entered a bailey
  7878 | Bailey   | Noticed Kloppie's ghost (experienced MiBe)
  8090 | D:8      | Reached skill level 10 in Axes
  8290 | D:8      | Reached skill level 1 in Invocations
  8400 | D:8      | Acquired Makhleb's first power
  9011 | D:8      | Found a shattered altar of Ashenzari.
  9358 | D:9      | Found an iron altar of Okawaru.
  9366 | D:9      | Got a slimy ring mail
  9532 | D:9      | Acquired Makhleb's second power
  9537 | D:9      | Reached skill level 5 in Invocations
 10031 | D:10     | Entered Level 10 of the Dungeon
 10165 | D:10     | Noticed a catoblepas
 10376 | D:10     | Killed a catoblepas
 10376 | D:10     | Reached XP level 11. HP: 26/90 MP: 21/23
 10561 | D:10     | Identified the +4 ring mail of Disguise {rPois MP+9 Str-3 Int+4 Dex+4} (You found it on level 9 of the Dungeon)
 10743 | D:10     | Noticed a hill giant
 10961 | D:10     | Acquired Makhleb's third power
 11503 | D:11     | Noticed an eight-headed hydra
 11649 | D:11     | Acquired Makhleb's fourth power
 11649 | D:11     | Reached skill level 10 in Armour
 11658 | D:11     | Found a staircase to the Orcish Mines.
 11859 | D:11     | Found a staircase to the Lair.
 11972 | D:11     | Reached skill level 10 in Invocations
 12004 | D:11     | Reached skill level 1 in Dodging
 12030 | D:11     | Reached XP level 12. HP: 97/97 MP: 27/27
 12088 | D:11     | Reached skill level 5 in Shields
 12159 | D:11     | Noticed a four-headed hydra
 12165 | D:11     | Killed a four-headed hydra
 12394 | Lair:1   | Entered Level 1 of the Lair of Beasts
 12904 | Lair:1   | Noticed a seven-headed hydra
 12915 | Lair:1   | Slain by a seven-headed hydra

Action                   |  1- 3 |  4- 6 |  7- 9 | 10-12 || total
-------------------------+-------+-------+-------+-------++-------
Melee: War axe           |   130 |   257 |   411 |   744 ||  1542
 Fire: Blowgun           |       |       |    23 |    21 ||    44
Throw: Javelin           |       |     6 |       |     2 ||     8
Invok: Lesser Servant of |       |       |       |     3 ||     3
       Minor Destruction |       |       |       |    13 ||    13
       Major Destruction |       |       |       |     4 ||     4
 Abil: Dig               |       |       |       |     3 ||     3
Evoke: Wand              |       |       |       |     2 ||     2
  Use: Potion            |       |     1 |       |     3 ||     4
       Scroll            |       |       |     8 |    10 ||    18
  Eat: Chunk             |     1 |     7 |    12 |    19 ||    39
       Fruit             |       |     1 |     1 |     1 ||     3
       Meat ration       |       |       |       |     1 ||     1
       Beef jerky        |       |       |       |     1 ||     1
